 Dungeon Sprint DCSS version 0.28-a0-773-g130ae17fe5 (webtiles) character file.

Game seed: 771065976751775302

16587 xpp the Severer (level 12, 0/166 HPs)
             Began as a Human Cinder Acolyte on Nov 2, 2021.
             Was a Priest of Ignis.
             Slain by a merfolk siren (3 damage)
             ... in the Dungeon (Sprint V: "Ziggurat Sprint").
             The game lasted 00:22:40 (1859 turns).

xpp the Severer (Human Cinder Acolyte)              Turns: 1859, Time: 00:22:40

Health: 0/166      AC: 26    Str: 25    XL:     12   Next: 72%
Magic:  22/22      EV:  6    Int: 19    God:    Ignis [***...]
Gold:   0          SH: 14    Dex:  7    Spells: 13/13 levels left

rFire   + + .      SeeInvis +   J - +14 obsidian axe {vorpal, Mesm Drain Fly SInv}
rCold   + + +      Faith    .   E - +3 kite shield
rNeg    + . .      Spirit   .   I - +5 gold dragon scales
rPois   +          Reflect  .   (no helmet)
rElec   .          Harm     .   (no cloak)
rCorr   +          Rampage  .   (no gloves)
Will    .....      NoTele   +   l - +2 pair of boots of the Snake Pit {rC+}
Stlth   ..........              j - amulet "Viudil" {Acrobat rPois Int+5}
HPRegen 0.37/turn               A - +6 ring of strength
MPRegen 0.18/turn               w - ring of the Vendetta {rC+ rN+ rCorr MP+9 Dex-3}

@: berserking, flying, mesmerised, very quick
A: no striking features
a: Renounce Religion, Sea of Fire, Foxfire Swarm, Rising Flame


You were in the Dungeon.
You worshipped Ignis.
Ignis was most pleased with you.
You visited 1 branch

Inventory:

Hand Weapons
 G - a +5 fustibalus
 J - the +14 obsidian axe (weapon) {vorpal, Mesm Drain Fly SInv}
   (You found it in the Dungeon)

   It inflicts extra damage upon your enemies.
   It occasionally summons demons to assist the wielder when it strikes in
   combat.
   Its wielder is mesmerised by any visible foes.
   It cannot be unequipped while any foes are visible.
   SInv:      It lets you see invisible.
   Fly:       It grants you flight.
   Drain:     It drains your maximum health when unequipped.
Missiles
 b - a throwing net (quivered)
 H - 1000 sling bullets
Armour
 l - the +2 pair of boots of the Snake Pit (worn) {rC+}
   (You found it in the Dungeon)

   rC:        It protects you from cold.
 D - a +3 buckler
 E - a +3 kite shield (worn)
 F - a +3 tower shield
 I - +5 gold dragon scales (worn)
Jewellery
 j - the amulet "Viudil" (around neck) {Acrobat rPois Int+5}
   (You found it in the Dungeon)

   [amulet of the acrobat]

   It increases your evasion while moving and waiting.
   Int:       It affects your intelligence (+5).
   rPois:     It protects you from poison.
 v - the ring "Suawugumo" {Wiz rPois Stlth+}
   (You found it in the Dungeon)

   [ring of wizardry]

   It improves your spell success rate.
   rPois:     It protects you from poison.
   Stlth:     It makes you more stealthy.
 w - the ring of the Vendetta (right hand) {rC+ rN+ rCorr MP+9 Dex-3}
   (You found it in the Dungeon)

   [ring of protection from cold]

   Dex:       It affects your dexterity (-3).
   rC:        It protects you from cold.
   rN:        It protects you from negative energy.
   MP:        It affects your magic capacity (+9).
   rCorr:     It protects you from acid and corrosion.
 A - a +6 ring of strength (left hand)
Wands
 s - a wand of mindburst (7)
 t - a wand of iceblast (7)
 u - a wand of acid (7)
Scrolls
 h - 4 scrolls of blinking
 n - 4 scrolls of amnesia
 o - 7 scrolls of fog
 p - a scroll of holy word
 q - 5 scrolls of identify
 r - 2 scrolls of fear
Potions
 c - 9 potions of curing
 e - 6 potions of haste
 f - 7 potions of magic
 g - 2 potions of berserk rage
 i - 2 potions of brilliance
 k - 4 potions of resistance
 m - 5 potions of might
Miscellaneous
 a - a condenser vane
 d - a piece from Xom's chessboard (15/15)


   Skills:
 + Level 16.0 Fighting
 - Level 18.0 Axes
 + Level 11.7 Armour
 * Level 10.7 Dodging
 + Level 12.6 Shields
 - Level 1.0 Spellcasting
 - Level 6.3 Fire Magic


You had 13 spell levels left.
You didn't know any spells.
Your spell library contained the following spells:

 Spells                   Type           Power      Damage    Failure   Level
 Scorch                   Fire           50%        2d7       71%         2
 Foxfire                  Conj/Fire      52%        2x1d6     95%         1
 Apportation              Tloc           0%         N/A       100%        1
 Slow                     Hex            0%         N/A       100%        1
 Confusing Touch          Hex            0%         N/A       100%        3
 Conjure Flame            Conj/Fire      13%        6-21      100%        3
 Inner Flame              Hex/Fire       13%        N/A       100%        3
 Ozocubu's Armour         Ice            0%         N/A       100%        3
 Flame Wave               Conj/Fire      13%        3d5       100%        4
 Alistair's Intoxication  Tmut/Pois      0%         N/A       100%        5
 Borgnjor's Vile Clutch   Necr/Erth      0%         N/A       100%        5
 Yara's Violent Unravell  Hex/Tmut       0%         3d3       100%        5
 Eringya's Noxious Bog    Tmut/Pois      0%         N/A       100%        6
 Invisibility             Hex            0%         N/A       100%        6
 Ozocubu's Refrigeration  Ice            0%         4d5       100%        7
 Dragon's Call            Summ           0%         N/A       100%        9


Dungeon Overview and Level Annotations

Branches:
Dungeon (1/1)

Altars:
Ashenzari
Cheibriados
Dithmenos
Elyvilon
Fedhas
Gozag
Hepliaklqana
Kikubaaqudgha
Makhleb
Nemelex Xobeh
Okawaru
Qazlal
Ru
Sif Muna
Trog
Uskayaw
Vehumet
Wu Jian
Xom
Yredelemnul
Zin
The Shining One
Beogh
Jiyva
Lugonu

Annotations:
D 1 transporter


Message History

The water nymph points at your hellwing and mumbles some strange words.
The water rises up and strikes your hellwing!!
The wind drake bites you but does no damage.
The faun hits something with a +0 quarterstaff!!
You block the snapping turtle's attack.
You feel better.
Visions of slaying the wind drake flood into your mind.
The merfolk siren is engulfed in blazing flames.
The merfolk siren chants a haunting song.
You resist. The sea snake bites you!
* * * LOW HITPOINT WARNING * * *
The sea snake bites you but does no damage.
The merfolk siren hits you from afar with a +2 bardiche of venom!
* * * LOW HITPOINT WARNING * * *
The merfolk javelineer hits you from afar with a +1 spear of venom.
* * * LOW HITPOINT WARNING * * *
The wind drake bites you but does no damage.
Your hellwing misses the water nymph. Your hellwing hits the water nymph.
The merfolk hits you but does no damage.
The water nymph gestures at your hellwing while chanting.
The water rises up and strikes your hellwing!!
The snapping turtle bites you from afar.
* * * LOW HITPOINT WARNING * * *
A red film seems to cover your vision as you go berserk!
You feel yourself moving faster!
You feel mighty!
Visions of slaying the sea snake flood into your mind.
You block the sea snake's attack. The sea snake bites you.
* * * LOW HITPOINT WARNING * * *
The merfolk siren is engulfed in blazing flames.
The merfolk siren hits you but does no damage.
The wind drake exhales a fierce blast of wind!
You are blown backwards!
The monsters around you are blown away!
The sea snake collides with the merfolk aquamancer!
The merfolk javelineer throws a silver javelin.
The silver javelin pierces through you.
* * * LOW HITPOINT WARNING * * *
x2 The silver javelin pierces through the water nymph!!
The water nymph dies!
The merfolk siren hits you from afar with a +2 bardiche of venom.
You die...

§§§8○8§§§▓...8©8...▓..
▓§§§☼§§§§○▓..=|||=..▓..
▓§§☼§§○§☼§▓..)|[.)..▓..
▓§§§☼☼§§§§▓.........▓..
▓§§§§...≈§▓.........▓..
▓...§.mt.m▓.........▓..
▓≈≈.m§.SSk▓.........▓..
▓..▓Sc§▓..▓.........▓.▓
▓≈▓m..@4▓○▓.........▓..
▓.≈§§§§≈○§▓....©....▓▓▓
▓▓▓▓▓▓▓▓▓▓▓▓▓▓▓▓▓▓▓▓▓


You could see a merfolk javelineer, 2 sea snakes, a merfolk aquamancer, a
snapping turtle, a wind drake (repels missiles, catching breath), a faun (ally
target), a merfolk siren and a friendly hellwing (summoned).

Vanquished Creatures
  An acid blob (D)
  An azure jelly (D)
  A quicksilver ooze (D)
  An ironbound preserver (D)
  A yaktaur captain (D)
  2 vault guards (D)
  3 two-headed ogres (D)
  3 spriggan druids (D)
  3 cyclopes (D)
  A draconian (D)
  A vault sentinel (D)
  A yaktaur (D)
  A troll (D)
  A merfolk (D)
  A hornet (D)
  4 slime creatures (D)
  3 spriggans (D)
  An ice beast (D)
  2 orc warriors (D)
  2 wolves (D)
  2 ogres (D)
  A bullfrog (D)
  2 jellies (D)
  2 orc priests (D)
  An iguana (D)
  An orc wizard (D)
  2 river rats (D)
  A white imp (D)
  5 orcs (D)
  An endoplasm (D)
  A ball python simulacrum (D)
  A jackal simulacrum (D)
54 creatures vanquished.

Vanquished Creatures (collateral kills)
  A black draconian (D)
  A vault guard (D)
  2 draconians (D)
  A merfolk (D)
  A slime creature (D)
  2 orc warriors (D)
  An orc priest (D)
9 creatures vanquished.

Vanquished Creatures (others)
  An ironbound preserver (D)
  A water nymph (D)
  An orc wizard (D)
  12 foxfires (D)
15 creatures vanquished.

Grand Total: 78 creatures vanquished

Notes
Turn   | Place    | Note
-------+----------+-------------------------------------------
     0 | D        | xpp the Human Cinder Acolyte began the quest for the Orb.
     0 | D        | Reached XP level 1. HP: 18/18 MP: 2/2
     0 | D        | Found a shimmering blue altar of Sif Muna.
     0 | D        | Found a sacrificial altar of Ru.
     0 | D        | Found a bloodstained altar of Trog.
     0 | D        | Found a stormy altar of Qazlal.
     0 | D        | Found an iron altar of Okawaru.
     0 | D        | Found a sparkling altar of Nemelex Xobeh.
     0 | D        | Found a blossoming altar of Fedhas.
     0 | D        | Found the +6 Majin-Bo {vamp, MP+6 Int+6}
     0 | D        | Found the +9 heavy crossbow "Sniper" {vorpal, Acc+∞ SInv}
     0 | D        | Found the +10 dark maul {vorpal}
     0 | D        | Found the +15 Maxwell's patent armour {-Cast -Tele rElec
                  | Will+ rCorr}
     0 | D        | Found the +18 shield of the Gong {rElec rN+ Will+ EV-5}
     0 | D        | Found the +14 obsidian axe {vorpal, Mesm Drain Fly SInv}
     0 | D        | Found the +7 great mace "Firestarter" {inner flame, rF++}
     0 | D        | Found the +6 shillelagh "Devastator" {shatter}
     0 | D        | Found the +11 plutonium sword {Contam Stlth-}
     0 | D        | Found the +8 lance "Wyrmbane" {slay drac, rPois rF+ rC+
                  | AC+3}
     0 | D        | Found the +9 sword of Zonguldrok {reap}
     0 | D        | Found the +13 scythe of Curses {drain, Drain}
     0 | D        | Found the +5 sword of Power {vorpal}
     0 | D        | Found the +7 mace of Variability {chain chaos}
     0 | D        | Found the +7 Singing Sword {vorpal, sonic wave}
     0 | D        | Found the +8 storm bow {elec, penet}
     2 | D        | Found a transporter.
     2 | D        | Found an ancient bone altar of Kikubaaqudgha.
     2 | D        | Found a viscous altar of Jiyva.
     2 | D        | Found a corrupted altar of Lugonu.
     2 | D        | Found a hazy altar of Hepliaklqana.
     2 | D        | Found a burning altar of Makhleb.
     2 | D        | Found an opulent altar of Gozag.
    12 | D        | Banished a spatial maelstrom
    86 | D        | Reached skill level 8 in Axes
    86 | D        | Reached XP level 2. HP: 24/24 MP: 3/3
    88 | D        | Entered arena 2.
    88 | D        | Noticed a merfolk
    88 | D        | Noticed a merfolk
    88 | D        | Found a transporter.
    94 | D        | Killed a merfolk
    95 | D        | Reached skill level 5 in Fighting
    95 | D        | Reached skill level 10 in Axes
    95 | D        | Reached skill level 1 in Armour
    95 | D        | Reached skill level 1 in Shields
    95 | D        | Reached skill level 5 in Fire Magic
    95 | D        | Reached XP level 3. HP: 16/33 MP: 4/4
    95 | D        | Reached XP level 4. HP: 19/39 MP: 5/5
    95 | D        | Reached XP level 5. HP: 21/44 MP: 6/6
    95 | D        | Reached XP level 6. HP: 25/51 MP: 7/7
    96 | D        | Killed a merfolk
    97 | D        | Reached skill level 12 in Axes
    97 | D        | Reached XP level 7. HP: 14/59 MP: 8/8
   333 | D        | Entered arena 3.
   333 | D        | Noticed an ironbound preserver
   333 | D        | Noticed a vault sentinel
   333 | D        | Noticed a yaktaur captain
   333 | D        | Found a transporter.
   339 | D        | Killed an ironbound preserver
   340 | D        | Reached skill level 14 in Axes
   340 | D        | Reached XP level 8. HP: 25/68 MP: 9/9
   353 | D        | Killed a vault sentinel
   354 | D        | Killed a yaktaur captain
   355 | D        | Reached skill level 16 in Axes
   355 | D        | Reached XP level 9. HP: 56/77 MP: 10/10
   369 | D        | Got the +2 pair of boots of the Snake Pit {rC+}
   450 | D        | Entered arena 4.
   450 | D        | Found a transporter.
   457 | D        | Reached skill level 5 in Armour
   465 | D        | Entered arena 5.
   465 | D        | Noticed a draconian
   465 | D        | Noticed a draconian
   465 | D        | Noticed a draconian
   465 | D        | Noticed a black draconian
   465 | D        | Found a transporter.
   476 | D        | Noticed a smoke demon
   476 | D        | Killed a black draconian
   477 | D        | Reached skill level 10 in Fighting
   477 | D        | Reached skill level 17 in Axes
   478 | D        | Killed a draconian
   479 | D        | Reached XP level 10. HP: 41/86 MP: 11/11
   482 | D        | Killed a draconian
   485 | D        | Killed a draconian
   486 | D        | Reached skill level 18 in Axes
   862 | D        | Entered arena 6.
   862 | D        | Found a transporter.
   869 | D        | Reached skill level 1 in Dodging
   989 | D        | Entered arena 7.
   989 | D        | Noticed a vault guard
   989 | D        | Noticed a yaktaur
   989 | D        | Noticed a vault guard
   989 | D        | Noticed an ironbound preserver
   989 | D        | Noticed a vault guard
   995 | D        | Killed a vault guard
   998 | D        | Killed a vault guard
   998 | D        | Killed an ironbound preserver
   999 | D        | Reached skill level 5 in Dodging
   999 | D        | Reached XP level 11. HP: 81/96 MP: 12/12
   999 | D        | Killed a vault guard
  1000 | D        | Found a transporter.
  1141 | D        | Entered arena 8.
  1149 | D        | Found a transporter.
  1372 | D        | Entered arena 9.
  1372 | D        | Noticed a spriggan druid
  1372 | D        | Noticed a spriggan druid
  1372 | D        | Noticed a spriggan druid
  1372 | D        | Noticed a spriggan rider
  1375 | D        | Killed a spriggan druid
  1376 | D        | Found a transporter.
  1379 | D        | Killed a spriggan druid
  1381 | D        | Killed a spriggan druid
  1382 | D        | Reached skill level 10 in Shields
  1384 | D        | Reached skill level 10 in Armour
  1393 | D        | Got the amulet "Viudil" {Acrobat rPois Int+5}
  1400 | D        | Got the ring "Suawugumo" {Wiz rPois Stlth+}
  1403 | D        | Got the ring of the Vendetta {rC+ rN+ rCorr MP+9 Dex-3}
  1408 | D        | Entered arena 10.
  1419 | D        | Found a transporter.
  1434 | D        | Got the ring of Ycridgh {rPois rF+ Int+2 Dex-3}
  1555 | D        | Entered arena 11.
  1555 | D        | Noticed a two-headed ogre
  1555 | D        | Noticed a cyclops
  1555 | D        | Noticed a cyclops
  1555 | D        | Noticed a two-headed ogre
  1555 | D        | Noticed a cyclops
  1555 | D        | Noticed a two-headed ogre
  1561 | D        | Killed a two-headed ogre
  1562 | D        | Killed a two-headed ogre
  1563 | D        | Reached XP level 12. HP: 107/107 MP: 13/13
  1566 | D        | Killed a two-headed ogre
  1576 | D        | Found a transporter.
  1578 | D        | Reached skill level 15 in Fighting
  1588 | D        | Got The Incunabulum of Greatest Risks and Utility
  1780 | D        | Entered arena 12.
  1780 | D        | Noticed an azure jelly
  1781 | D        | Noticed a quicksilver ooze
  1781 | D        | Noticed an acid blob
  1789 | D        | Killed a quicksilver ooze
  1791 | D        | Killed an acid blob
  1791 | D        | Killed an azure jelly
  1792 | D        | Reached skill level 10 in Dodging
  1794 | D        | Found a transporter.
  1846 | D        | Entered arena 13.
  1846 | D        | Noticed a merfolk javelineer
  1846 | D        | Noticed a merfolk aquamancer
  1846 | D        | Noticed a sea snake
  1846 | D        | Noticed a sea snake
  1847 | D        | Found the -2 hat of the Alchemist {rElec rPois rF+ rC+ rN+
                  | Will+ rMut rCorr}
  1850 | D        | Found a transporter.
  1859 | D        | HP: 5/166 [merfolk javelineer/silver javelin (4)]
  1859 | D        | Slain by a merfolk siren

Illustrated notes

Levels and vault maps discovered:
D:        sprint_v [room_start, room_1, room_2, room_3, room_4, room_5, room_6,
          room_7, room_8, room_9, room_10, room_11, room_12, room_13, room_14,
          room_15, room_16, room_17, room_18, room_19, room_20, room_21,
          room_22, room_23, room_24, room_25, room_26, room_27]

Skill      XL: |  1  2  3  4  5  6  7  8  9 10 11 12 |
---------------+-------------------------------------+-----
Axes           | 8 10 12 14 16 17 18 | 18.0
Fighting       | 5 6 8 9 10 12 14 16 | 16.0
Armour         | 1 3 4 6 8 10 11 | 11.7
Shields        | 1 2 4 7 10 12 | 12.6
Fire Magic     | 5 6 |  6.3
Dodging        | 5 8 10 | 10.7
Spellcasting   | |  1.0

Action                   |  1- 3 |  4- 6 |  7- 9 | 10-12 || total
-------------------------+-------+-------+-------+-------++-------
Melee: Broad axe         |     4 |     1 |    20 |    73 ||    98
Invok: Sea of Fire       |       |       |     1 |     7 ||     8
       Foxfire Swarm     |       |       |       |     1 ||     1
  Use: Potion            |     2 |     1 |    10 |     2 ||    15
 Stab: Invisible         |       |       |     5 |     2 ||     7
       Distracted        |       |       |     1 |       ||     1
Armor: Gold dragon scale |     4 |       |    14 |    40 ||    58
Dodge: Dodged            |       |       |     1 |    25 ||    26
Block: Kite shield       |     4 |       |    18 |    48 ||    70

Table legend: (Time is in decaauts)
 A = Elapsed time spent in this place.
 B = Non-inter-level travel time spent in this place.
 C = Inter-level travel time spent in this place.
 D = Time resting spent in this place.
 E = Time spent auto-exploring this place.
 F = Levels seen in this place.
 G = Mean time per level.
                   A        B        C        D        E       F      G
               +--------+--------+--------+--------+--------+-----+--------+
         Total |   1847 |   1847 |      0 |   1365 |      0 |   1 | 1847.0 |
       Dungeon |   1847 |   1847 |      0 |   1365 |      0 |   1 | 1847.0 |
               +--------+--------+--------+--------+--------+-----+--------+

Top non-repeatable levels by time:
       D: 1847 daAuts
